 Dungeon Crawl Stone Soup version 0.30-a0-912-ge10d75a369 (webtiles) character file.

Game seed: 9946980607656862214

193 Bnni the Digger (level 6, -8/66 HPs)
             Began as a Formicid Earth Elementalist on Mar 19, 2023.
             Was a Believer of Cheibriados.
             Mangled by paps's ghost (10 damage)
             ... on level 3 of the Dungeon.
             The game lasted 00:05:39 (2624 turns).

Bnni the Digger (Formicid Earth Elementalist)       Turns: 2624, Time: 00:05:39

Health: -8/66      AC: 23    Str: 18    XL:     6   Next: 2%
Magic:  1/10       EV:  2    Int: 21    God:    Cheibriados [**....]
Gold:   109        SH:  0    Dex: 19    Spells: 1/11 levels left

rFire   . . .      SeeInvis .    d - +0 quarterstaff
rCold   . . .      Faith    .    v - orb {guile}
rNeg    . . .      Spirit   .    n - melded +0 ring mail
rPois   +          Reflect  .    (helmet unavailable)
rElec   .          Rampage  .    t - melded +0 cloak
rCorr   .                        (gloves currently unavailable)
Will    .....                    w - melded +0 pair of boots
Stlth   ++                       (no amulet)
HPRegen 0.31/turn                o - ring of willpower
MPRegen 0.12/turn                (no ring)

@: mighty, tree-form, very slow
A: stationary, stasis, torment immunity, boosted hp, permanent stasis, dig
shafts and tunnels, (antennae 3), four strong arms
a: Renounce Religion, Bend Time


You were on level 3 of the Dungeon.
You worshipped Cheibriados.
Cheibriados was pleased with you.
You were a tree.
You visited 1 branch of the dungeon, and saw 3 of its levels.

You collected 109 gold pieces.

Inventory:

Hand Weapons
 d - a +0 quarterstaff (weapon)
Armour
 n - a +0 ring mail (melded)
 t - a +0 cloak (melded)
 v - an orb of guile (worn)
 w - a +0 pair of boots (melded)
Jewellery
 o - a ring of willpower (left branch)
 u - a ring of wizardry
Scrolls
 e - 3 scrolls of magic mapping {unknown}
 h - 4 scrolls of teleportation {unknown}
 l - a scroll of enchant armour {unknown}
 m - a scroll of poison {unknown}
 p - a scroll of enchant weapon {unknown}
 r - 2 scrolls of identify {unknown}
Potions
 a - 2 potions of lignification
 c - a potion of haste {unknown}
 f - a potion of might
 g - a potion of attraction {unknown}
 i - 2 potions of brilliance {unknown}
 j - 3 potions of curing {unknown}
 k - a potion of berserk rage {unknown}
 q - a potion of ambrosia {unknown}
 s - a potion of resistance {unknown}


   Skills:
 + Level 2.3 Fighting
 - Level 1.7 Dodging
 - Level 2.4 Stealth
 + Level 3.2 Spellcasting
 + Level 2.6 Transmutations
 * Level 5.5 Earth Magic


You had one spell level left.
You knew the following spells:

 Your Spells              Type           Power      Damage    Failure   Level
a - Sandblast             Erth           52%        2d12      1%          1
b - Passwall              Tmut/Erth      16%        N/A       3%          2
c - Stone Arrow           Conj/Erth      28%        3d8       13%         3
d - Petrify               Tmut/Erth      20%        N/A       24%         4

Your spell library contained the following spells:

 Spells                   Type           Power      Damage    Failure   Level
 Summon Small Mammal      Summ           12%        N/A       13%         1
 Cigotuvi's Dreadful Rot  Necr/Pois/Air  6%         N/A       21%         2
 Lesser Beckoning         Tloc           6%         N/A       21%         2
 Poisonous Vapours        Pois/Air       6%         N/A       21%         2
 Call Canine Familiar     Summ           3%         N/A       36%         3
 Gell's Gravitas          Tloc           3%         N/A       36%         3
 Mephitic Cloud           Conj/Pois/Air  3%         N/A       36%         3
 Summon Guardian Golem    Hex/Summ       3%         N/A       36%         3
 Teleport Other           Tloc           3%         N/A       36%         3


Dungeon Overview and Level Annotations

Branches:
Dungeon (3/15)

Altars:
Cheibriados

Annotations:
D:3 paps's ghost, amateur DsGl


Innate Abilities, Weirdness & Mutations

You are a tree.
Your roots penetrate the ground, keeping you stationary.
You cannot be teleported.
You are immune to unholy pain and torment.
Your maximum health is greatly increased.
Your equipment is partially melded.
You cannot be hasted, slowed, berserked, paralysed or teleported.
You can dig through walls and to a lower floor.
((You have a pair of large antennae on your head. (SInv)))
Your four strong arms can wield two-handed weapons with a shield.


Message History

Press: ? - help, Q - select action, (/) - cycle Shift-Dir - straight line, f/p - paps's ghost
Aim: paps's ghost (lightly damaged, slow, 81% to hit)
The blast of sand hits paps's ghost!
Paps's ghost is heavily damaged.
Paps's ghost whispers, "There is no future for you."
Paps's ghost closely misses you.
Aiming: Sandblast (safe; 2% risk of failure)
Press: ? - help, Q - select action, (/) - cycle Shift-Dir - straight line, f/p - paps's ghost
Aim: paps's ghost (heavily damaged, slow, 81% to hit)
The blast of sand hits paps's ghost but does no damage.
Paps's ghost is heavily damaged.
Paps's ghost hits you!
Aiming: Sandblast (safe; 2% risk of failure)
Press: ? - help, Q - select action, (/) - cycle Shift-Dir - straight line, f/p - paps's ghost
Aim: paps's ghost (heavily damaged, slow, 81% to hit)
The blast of sand hits paps's ghost but does no damage.
Paps's ghost is heavily damaged.
Paps's ghost hits you but does no damage.
Aiming: Sandblast (safe; 2% risk of failure)
Press: ? - help, Q - select action, (/) - cycle Shift-Dir - straight line, f/p - paps's ghost
Aim: paps's ghost (heavily damaged, slow, 81% to hit)
The blast of sand hits paps's ghost.
Paps's ghost is heavily damaged.
Paps's ghost shouts, "What do you have that I didn't have?"
Paps's ghost hits you!
* * * LOW HITPOINT WARNING * * *
You closely miss paps's ghost.
Paps's ghost is heavily damaged.
Paps's ghost hits you!
* * * LOW HITPOINT WARNING * * *
It was a potion of lignification.
You turn into a tree.
Your +0 cloak melds into your body.
Your +0 pair of boots melds into your body.
Your +0 ring mail melds into your body.
Your roots penetrate the ground.
Paps's ghost hits you but does no damage.
It was a potion of might.
You feel very mighty all of a sudden.
Paps's ghost is no longer moving slowly.
Paps's ghost hits you!
You die...

.....#.......#..###............#
.##..#$....W.#..# #...########.#
.##..###'''###..####.## #.#
.##........[.........# #.#
###..........†..###### #.#
#####.#...###.### #.#
..........# #)# #.# ########)##
#.############ #.# #.#
#..W♣........# #.# #.#
############.# #.# ### #.#
#.#####.# ..######.# #.......#
#..).)...# ##..###### ##########
#.>.# ###.# # #..# # ♣♣♣♣♣##.##


You could see paps's ghost.

Vanquished Creatures
  Crazy Yiuf (D:3)
  An orc wizard (D:3)
  7 adders
  A shadow imp (D:3)
  2 dart slugs
  3 orcs (D:3)
  6 endoplasms
  3 goblins
  3 hobgoblins (D:1)
  14 jackals
  2 kobolds (D:2)
  5 ball pythons
  7 bats
  A frilled lizard (D:1)
  6 rats
62 creatures vanquished.

Notes
Turn   | Place    | Note
-------+----------+-------------------------------------------
     0 | D:1      | Bnni the Formicid Earth Elementalist began the quest for
                  | the Orb.
     0 | D:1      | Reached XP level 1. HP: 13/13 MP: 3/3
   217 | D:1      | Reached XP level 2. HP: 20/20 MP: 3/5
   239 | D:1      | Reached skill level 4 in Earth Magic
   457 | D:1      | Found a faded altar of an unknown god.
   467 | D:1      | Prayed at the altar of an unknown god.
   467 | D:1      | Became a worshipper of Cheibriados the Contemplative
   467 | D:1      | Reached * piety under Cheibriados
   538 | D:1      | Reached XP level 3. HP: 25/25 MP: 2/6
   550 | D:1      | Reached skill level 1 in Fighting
   915 | D:2      | Learned a level 2 spell: Passwall
   919 | D:2      | Learned a level 3 spell: Stone Arrow
  1210 | D:2      | Reached XP level 4. HP: 31/31 MP: 5/7
  1399 | D:2      | Reached ** piety under Cheibriados
  1632 | D:3      | Found a runed translucent gate.
  1632 | D:3      | Found a runed translucent gate.
  1633 | D:3      | Found a runed translucent gate.
  1633 | D:3      | Noticed paps's ghost (amateur DsGl)
  1837 | D:3      | Reached XP level 5. HP: 38/38 MP: 5/9
  2017 | D:3      | Found a runed translucent door.
  2018 | D:3      | Noticed Crazy Yiuf
  2024 | D:3      | Killed Crazy Yiuf
  2025 | D:3      | Reached skill level 5 in Earth Magic
  2173 | D:3      | Learned a level 4 spell: Petrify
  2598 | D:3      | Reached XP level 6. HP: 35/44 MP: 5/10
  2622 | D:3      | HP: 1/44 [paps's ghost (8)]
  2624 | D:3      | Mangled by paps's ghost

Illustrated notes

Levels and vault maps discovered:
D:1:      giann_forest_graveyard, layout_basic, ebering_ecumenical_altar_box
D:2:      layout_rooms
D:3:      layout_loops_ring, gammafunk_ghost_split, uniq_crazy_yiuf_cottage

Skill      XL: |  1  2  3  4  5 |
---------------+----------------+-----
Earth Magic    | 4 5 |  5.5
Fighting       | 1 2 |  2.3
Transmutations | 2 |  2.6
Spellcasting   | 3 |  3.2
Dodging        | |  1.7
Stealth        | |  2.4

Action                     |  1- 3 |  4- 6 || total
---------------------------+-------+-------++-------
  Melee: Unarmed           |    26 |       ||    26
         Club              |     9 |       ||     9
         Quarterstaff      |       |     3 ||     3
   Cast: Sandblast         |    41 |    64 ||   105
 Invoke: Bend Time         |       |     1 ||     1
Ability: Dig               |     1 |       ||     1
    Use: Scroll            |       |     1 ||     1
         Potion            |       |     3 ||     3
 Armour: Robe              |    14 |       ||    14
         Ring mail         |     3 |    28 ||    31
         Skin              |       |     1 ||     1
  Dodge: Dodged            |    61 |    34 ||    95

Table legend: (Time is in decaauts)
 A = Elapsed time spent in this place.
 B = Non-inter-level travel time spent in this place.
 C = Inter-level travel time spent in this place.
 D = Time resting spent in this place.
 E = Time spent auto-exploring this place.
 F = Levels seen in this place.
 G = Mean time per level.
                   A        B        C        D        E       F      G
               +--------+--------+--------+--------+--------+-----+--------+
         Total |   3279 |   3196 |     83 |    172 |   2462 |   3 | 1093.0 |
       Dungeon |   3279 |   3196 |     83 |    172 |   2462 |   3 | 1093.0 |
               +--------+--------+--------+--------+--------+-----+--------+

Top non-repeatable levels by time:
     D:3: 1339 daAuts
     D:1: 1028 daAuts
     D:2: 911 daAuts
